 Dungeon Crawl Stone Soup version 0.32-a0-119-g2e8054a333 (webtiles) character file.

Game seed: 3541968574218266365

154550 Juni the Slayer (level 17, -2/273 HPs)
             Began as a Minotaur Gladiator on Feb 6, 2024.
             Was the Champion of Wu Jian.
             Succumbed to a nagaraja's splash of poison
             ... on level 4 of the Snake Pit.
             The game lasted 00:55:56 (33789 turns).

Juni the Slayer (Minotaur Gladiator)               Turns: 33789, Time: 00:55:57

Health: -2/273     AC: 30    Str: 28    XL:     17   Next: 6%
Magic:  2/16       EV: 19    Int:  5    God:    Wu Jian [******]
Gold:   1428       SH:  0    Dex: 17    Spells: 16/16 levels left

rFire   . . .        x - +3 quarterstaff (spect)
rCold   . . .        (shield currently unavailable)
rNeg    . . .        t - +4 chain mail {Will+}
rPois   +            I - +2 hat
rElec   .            B - +0 cloak
rCorr   +            v - +2 pair of gloves {Str+3}
SInv    .            i - +0 pair of boots
Will    +++..        u - amulet of guardian spirit Stlth
                     y - +4 ring of protection
HPRegen 0.65/turn    a - ring of Balance {rPois Will+ rCorr Dex+3 Stlth+}
MPRegen 0.15/turn

%: guardian spirit
@: berserking (expiring), lethally poisoned (-2 -> -73), in a heavenly storm,
glowing, constricted, quick
A: horns 2, retaliatory headbutt
a: Renounce Religion, Wall Jump, Serpent's Lash, Heavenly Storm


You were on level 4 of the Snake Pit.
You worshipped Wu Jian.
Wu Jian was exalted by your worship.
You visited 5 branches of the dungeon, and saw 27 of its levels.
You also visited: Bailey and Ice Cave.

You collected 3234 gold pieces.
You spent 1806 gold pieces at shops.

Inventory:

Hand Weapons
 x - a +3 spectral quarterstaff (weapon)
   (You took it off a spriggan druid on level 3 of the Lair of Beasts)
 G - a +4 quarterstaff of protection
   (You took it off a spriggan druid on level 3 of the Lair of Beasts)
Missiles
 e - 18 javelins
 E - a throwing net {=f, !d}
Armour
 i - a +0 pair of boots (worn)
   (You found it on level 3 of the Dungeon)
 t - a +4 chain mail of willpower (worn)
   (You found it in a bailey)
 v - a +2 pair of gloves of strength (worn)
   (You found it in a bailey)
 B - a +0 cloak (worn)
   (You found it on level 3 of the Lair of Beasts)
 D - the +1 robe of the Mertaur {Regen+}
   (You found it on level 2 of the Snake Pit)

   Regen+:    It increases your rate of health regeneration.
 I - a +2 hat (worn)
   (You found it on level 11 of the Dungeon)
 O - a +2 tower shield of protection
   (You took it off a naga warrior on level 3 of the Snake Pit)
Jewellery
 a - the ring of Balance (right hand) {rPois Will+ rCorr Dex+3 Stlth+}
   (You found it in a bailey)

   [ring of willpower]

   Dex+3:     It affects your dexterity (+3).
   rPois:     It protects you from poison Will+: It increases your willpower.
   rCorr:     It protects you from acid and corrosion.
   Stlth+:    It makes you more stealthy.
 f - a +5 ring of evasion
   (You found it on level 10 of the Dungeon)
 u - an amulet of guardian spirit (around neck)
   (You bought it in a shop on level 1 of the Snake Pit)
 y - a +4 ring of protection (left hand)
   (You found it on level 2 of the Lair of Beasts)
 A - a ring of willpower
   (You found it on level 1 of the Snake Pit)
 N - an amulet of the acrobat
   (You found it on level 3 of the Snake Pit)
Wands
 g - a wand of acid (11)
   (You found it on level 2 of the Dungeon)
 q - a wand of iceblast (29)
   (You found it on level 8 of the Dungeon)
 r - a wand of flame (42)
   (You found it on level 10 of the Dungeon)
 F - a wand of charming (25)
   (You found it on level 3 of the Lair of Beasts)
 J - a wand of mindburst (2)
   (You found it on level 1 of the Snake Pit)
Scrolls
 l - 3 scrolls of amnesia
 n - 3 scrolls of immolation {!r}
 w - 2 scrolls of teleportation {!r!d, @r3}
 C - 6 scrolls of identify {@r1}
Potions
 b - 4 potions of enlightenment
 d - 4 potions of berserk rage {!q}
 h - 4 potions of mutation {!q}
 j - 4 potions of might
 k - 6 potions of curing {@q1, !d}
 m - 3 potions of attraction {!q}
 o - 2 potions of lignification {!q}
 p - 2 potions of brilliance {unknown}
 s - 2 potions of degeneration {!q}
 H - a potion of resistance {unknown}
 K - a potion of ambrosia {unknown}
 P - a potion of magic {unknown}
Miscellaneous
 c - a phantom mirror
   (You found it in an ice cave)
 z - a condenser vane
   (You found it on level 2 of the Snake Pit)
 L - a sack of spiders
   (You found it on level 15 of the Dungeon)
 M - a phial of floods (inert)
   (You found it on level 15 of the Dungeon)


   Skills:
 * Level 24.0 Fighting
 + Level 15.5 Staves
 - Level 2.0 Throwing
 + Level 15.1 Armour
 * Level 19.9 Dodging
 + Level 2.3 Evocations


You had 16 spell levels left.
You didn't know any spells.
Your spell library contained the following spells:

 Spells                   Type           Power      Damage    Failure   Level
 Freeze                   Ice            0%         1d3       83%         1
 Sandblast                Erth           0%         2d4       83%         1
 Summon Small Mammal      Summ           0%         N/A       83%         1
 Ensorcelled Hibernation  Hex/Ice        0%         N/A       93%         2
 Lesser Beckoning         Tloc           0%         N/A       93%         2
 Sublimation of Blood     Necr           0%         N/A       93%         2
 Call Canine Familiar     Summ           0%         N/A       99%         3
 Frozen Ramparts          Ice            0%         1d1       99%         3
 Gell's Gravitas          Tloc           0%         N/A       99%         3
 Hailstorm                Conj/Ice       0%         3d5       99%         3
 Passwall                 Erth           0%         N/A       99%         3
 Sigil of Binding         Hex            0%         N/A       99%         3
 Stone Arrow              Conj/Erth      0%         3d7       99%         3
 Swiftness                Air            0%         N/A       99%         3
 Teleport Other           Tloc           0%         N/A       99%         3
 Brom's Barrelling Bould  Conj/Erth      0%         2d3       100%        4
 Dimensional Bullseye     Hex/Tloc       0%         N/A       100%        4
 Manifold Assault         Tloc           0%         N/A       100%        4
 Petrify                  Alch/Erth      0%         N/A       100%        4
 Summon Blazeheart Golem  Fire/Summ      0%         N/A       100%        4
 Vhi's Electric Charge    Tloc/Air       0%         N/A       100%        4
 Alistair's Intoxication  Alch           0%         N/A       100%        5
 Arcjolt                  Conj/Air       0%         1d10      100%        5
 Borgnjor's Vile Clutch   Necr/Erth      0%         N/A       100%        5
 Irradiate                Conj/Alch      0%         3d11      100%        5
 Conjure Ball Lightning   Conj/Air       0%         3x3d6     100%        6
 Dispersal                Tloc           0%         N/A       100%        6
 Eringya's Noxious Bog    Alch           0%         4d6       100%        6
 Plasma Beam              Fire/Air       0%         2x1d10    100%        6
 Discord                  Hex            0%         N/A       100%        8
 Disjunction              Tloc           0%         N/A       100%        8


Dungeon Overview and Level Annotations

Branches:
Dungeon (15/15) Zot: 25569  Temple (1/1) D:6 Zot: 5956    Lair (5/5) D:9 Zot: 21903
  Swamp (0/4) Lair:3        Snake (4/4) Lair:2 Zot: 19298   Slime (0/5) Lair:5
    Orc (2/2) D:11 Zot: 10136     Elf (0/3) Orc:2        Vaults (0/5) D:14
 Depths (0/4) D:15         Bailey (visited)           IceCv (visited)

Altars:
Ashenzari
Cheibriados
Dithmenos
Elyvilon
Fedhas
Gozag
Hepliaklqana
Kikubaaqudgha
Makhleb
Nemelex Xobeh
Okawaru
Qazlal
Ru
Sif Muna
Trog
Uskayaw
Vehumet
Wu Jian
Xom
Yredelemnul
Zin
The Shining One
Jiyva
Lugonu

Shops:
D:1 :   D:12 :   Orc:2 :((   Snake:1 ![(=

Portals:
Abyss: D:4 D:10

Annotations:
D:4 2 transporters, Charlie33ad's ghost, amateur GrBe
D:11 2 transporters


Innate Abilities, Weirdness & Mutations

You have a pair of horns on your head.
You reflexively headbutt those who attack you in melee.


Message History

Press: ? - help, Dir - move target, f/p - nagaraja
Aim: a nagaraja, wielding a +0 spear and wearing a +0 robe (golden dust, catching its breath, haloed, about 12% to evade your +3 spectral quarterstaff)
Your unstable footing causes you to fumble your attack.
You feel very sick. The sea snake misses you. You furiously retaliate!
You headbutt the sea snake!! The naga mage closely misses you.
The naga mage barely misses you.
The nagaraja mumbles some strange words.
The nagaraja seems to speed up.
The sea snake bites you!
* * * LOW HITPOINT WARNING * * *
You take 10 damage, and have 59/273 hp.
You now have 8/16 mp.
Hit: x) +3 quarterstaff (spect)
Press: ? - help, Dir - move target, f/p - nagaraja
Aim: a nagaraja, wielding a +0 spear and wearing a +0 robe (golden dust, catching its breath, haloed, about 12% to evade your +3 spectral quarterstaff)
Your unstable footing causes you to fumble your attack.
You feel sick. The sea snake completely misses you. You furiously retaliate!
You headbutt the sea snake!! The naga warrior completely misses you.
You furiously retaliate!
You headbutt the naga warrior!!
You kill the naga warrior!
The Council accepts your kill. The nagaraja hits you with a +0 spear!
* * * LOW HITPOINT WARNING * * *
The nagaraja grabs you. The nagaraja constricts you.
The sea snake bites you but does no damage.
The sea snake barely misses you.
You take 11 damage, and have 48/273 hp.
You now have 7/16 mp.
Unknown command.
Hit: x) +3 quarterstaff (spect)
Press: ? - help, Dir - move target, f/p - nagaraja
Aim: a nagaraja, wielding a +0 spear and wearing a +0 robe (golden dust, constricting you, haloed, about 12% to evade your +3 spectral quarterstaff)
Your unstable footing causes you to fumble your attack.
You feel very sick.
You hear a shout!
The nagaraja hits you from afar with a +0 halberd!
* * * LOW HITPOINT WARNING * * *
The naga completely misses you.
The sea snake bites you but does no damage.
The sea snake closely misses you.
A naga mage and 3 naga sharpshooters come into view.
You take 9 damage, and have 39/273 hp.
You now have 6/16 mp.
Hit: x) +3 quarterstaff (spect)
Press: ? - help, Dir - move target, f/p - nagaraja
Aim: a nagaraja, wielding a +0 spear and wearing a +0 robe (constricting you, haloed, about 12% to evade your +3 spectral quarterstaff)
Your unstable footing causes you to fumble your attack.
You feel sick. The naga mage misses you. You furiously retaliate!
You headbutt the naga mage!! The sea snake bites you.
* * * LOW HITPOINT WARNING * * *
The sea snake bites you but does no damage.
The sea snake bites you!
* * * LOW HITPOINT WARNING * * *
You are lethally poisoned!
The sea snake poisons you! The nagaraja spits poison at you.
The splash of poison hits you!
You are more poisoned.
You resist.
* * * LOW HITPOINT WARNING * * *
The nagaraja constricts you.
* * * LOW HITPOINT WARNING * * *
The nagaraja barely misses you.
The naga mage moves out of view.
The naga sharpshooter moves out of view. x3
You take 20 damage, and have 19/273 hp.
You now have 3/16 mp.
Hit: x) +3 quarterstaff (spect)
Press: ? - help, Dir - move target, f/p - nagaraja
Aim: a nagaraja, wielding a +0 spear and wearing a +0 robe (golden dust, constricting you, catching its breath, haloed, about 12% to evade your +3 spectral quarterstaff)
You sock the nagaraja! You headbutt the nagaraja.
* * * LOW HITPOINT WARNING * * *
You feel very sick.
The guardian serpent casts a spell at you.
The sea snake completely misses you. The naga misses you.
You take 6 damage, and have 13/273 hp.
Unknown command.
Hit: x) +3 quarterstaff (spect)
Press: ? - help, Dir - move target, f/p - nagaraja
Aim: a nagaraja, wielding a +0 spear and wearing a +0 robe (golden dust, lightly wounded, constricting you, catching its breath, haloed, about 12% to evade your +3 spectral quarterstaff)
Your unstable footing causes you to fumble your attack.
* * * LOW HITPOINT WARNING * * *
You feel extremely sick.
The sea snake bites you but does no damage.
The sea snake closely misses you. You furiously retaliate!
You headbutt the sea snake!!
You kill the sea snake!
The Council accepts your kill.
The nagaraja hits you from afar with a +0 halberd.
* * * LOW HITPOINT WARNING * * *
The sea snake closely misses you. The naga mage spits poison at you.
The splash of poison misses you.
The splash of poison misses the sea snake.
The sea snake barely misses you. You furiously retaliate!
You headbutt the sea snake!
You kill the sea snake!
The Council accepts your kill.
You take 9 damage, and have 4/273 hp.
You now have 2/16 mp.
Hit: x) +3 quarterstaff (spect)
Press: ? - help, Dir - move target, f/p - nagaraja
Aim: a nagaraja, wielding a +0 spear and wearing a +0 robe (golden dust, lightly wounded, constricting you, catching its breath, haloed, about 13% to evade your +3 spectral quarterstaff)
Your unstable footing causes you to fumble your attack.
You die...

####≈.~≈###
#≈≈≈~.N≈~.##
##≈≈~~...N$.#
#≈≈~.N.~~≈~.#
#≈~N~~~≈≈≈.##
#~.S°○°○~..#
#.○SS○§..≈#
#.°○@S°.≈≈#
#$NNNS○.~≈#
#.N§§°§.~~#
#.≈≈≈≈~..≈#
#~.~≈≈≈~≈N.#
#≈~.~~~≈≈~.##
#≈≈≈...~~≈≈.#
##≈~~~......#


You could see 2 nagarajas, 3 sea snakes, 2 guardian serpents, a naga mage
(catching breath) and a naga (curare).

Vanquished Creatures
  Jorgrun (Orc:2)
  Frances (D:14)
  2 nagarajas (Snake:3 Snake:4)
  A frost giant (IceCv)
  Azrael (Orc:2)
  A fire dragon (Lair:5)
  A rakshasa (D:15)
  3 vault guards (D:14)
  4 hydras (Lair:5 D:14 D:15)
  6 centaur warriors (D:13 D:14 D:15)
  6 anacondas (Snake:1 Snake:3 Snake:4)
  Erolcha (D:12)
  2 catoblepae (Lair:3 D:15)
  A death knight (D:15)
  3 boulder beetles (D:11 D:12 D:14)
  7 naga warriors (Snake:2 Snake:3 Snake:4)
  A two-headed ogre (Orc:1)
  2 tengu warriors (D:15)
  10 death yaks (Lair:2 Lair:5 IceCv)
  3 orc high priests (Orc:2)
  4 shock serpents (Snake:1 Snake:2 Snake:4)
  6 naga sharpshooters (Snake:1 Snake:3)
  A skyshark (Lair:4)
  Lodul (D:12)
  2 salamander mystics (Snake:4)
  2 spriggan druids (Lair:3)
  2 arcanists (D:14 D:15)
  4 mana vipers (Snake:1 Snake:2 Snake:3)
  2 sea snakes (Snake:4)
  6 lindwurms (Lair:3 Lair:5)
  4 naga ritualists (Snake:1 Snake:3)
  A glowing orange brain (D:15)
  A bog body (Lair:2)
  6 orc knights (D:15 Orc:2)
  4 deep elf pyromancers (D:12 D:13 D:14)
  8 ugly things (D:15)
  4 orc sorcerers (Orc:2)
  8 salamanders (Snake:1 Snake:2)
  2 manticores (D:12 D:14)
  2 cyclopes (D:7 D:10)
  Maurice (D:12)
  A moth of wrath (shapeshifter) (D:15)
  12 elephants (Lair:5 Lair:4)
  2 kobold blastminers (Orc:2)
  9 naga magi (Snake:1 Snake:2 Snake:3 Snake:4)
  A guardian serpent (Snake:2)
  3 molten gargoyles (Lair:5)
  2 torpor snails (Lair:3 Lair:4)
  41 black mambas (Lair:1 Lair:4 Lair:5 Snake:1 Snake:2)
  An ice statue (IceCv)
  A gargoyle (Bailey)
  19 cane toads (Lair:1 Lair:2 Lair:3 Lair:4 Lair:5)
  Maggie (D:7)
  18 komodo dragons (Lair:1 Lair:2 Lair:3 Lair:4 Lair:5)
  An unseen horror (D:13)
  4 rime drakes (Lair:2 Lair:3 IceCv)
  2 tengu conjurers (D:14 D:15)
  8 yaktaurs (D:14 D:15)
  An ice devil (Lair:2)
  2 freezing wraiths (D:15)
  A queen bee (shapeshifter) (D:14)
  14 polar bears (Lair:2 IceCv)
  Grinder (D:5)
  8 trolls (D:7 D:11 D:12 D:13 D:14)
  A hornet (Lair:3)
  4 blink frogs (Lair:3)
  8 slime creatures (D:12 D:15)
  A shadow (D:6)
  2 vampires (Bailey D:14)
  5 wraiths (D:11 D:12 D:14 D:15)
  15 wyverns (D:7 Lair:1 Lair:2 Lair:3 Lair:4)
  19 humans (D:14)
  A warg (Orc:2)
  95 yaks (D:9 D:10 Lair:1 Lair:2 Lair:3)
  A steam dragon (D:7)
  12 basilisks (Lair:1 Lair:3 Lair:5 D:13 D:14)
  4 fire elementals (Orc:1)
  7 vampire mosquitoes (D:11 D:12 D:13)
  Grum (D:8)
  Menkaure (D:7)
  A harpy simulacrum (Lair:2)
  40 nagas (Lair:2 Snake:1 Snake:2 Snake:3 Snake:4)
  An acid dragon (D:10)
  3 hell hounds (Lair:5 Orc:1)
  9 water moccasins (D:8 Lair:1 Lair:2 Lair:3 Lair:5)
  3 black bears (D:4 D:6 D:7)
  A sky beast (D:7)
  2 laughing skulls (D:13)
  10 orc warriors (D:7 D:9 D:15 Orc:1 Orc:2)
  3 ice beasts (D:7)
  15 ogres (D:4 D:6 D:7 D:12 D:15)
  24 wolves (D:8 D:9 Lair:2 IceCv)
  12 centaurs (D:7 D:8 D:10 D:14)
  5 phantoms (D:4 D:5 D:7)
  A kobold brigand (D:10)
  5 bullfrogs (D:9 Lair:2 Lair:3 Lair:4)
  A scorpion (D:7)
  A two-headed ogre simulacrum (Lair:2)
  18 wights (D:4 D:7 D:8 D:9)
  17 killer bees (D:7 D:8 D:9)
  An elephant simulacrum (Lair:2)
  7 vampire bats (Bailey)
  8 howler monkeys (D:6 D:7 D:9 D:14)
  7 wolf zombies (Bailey)
  5 lava snakes (Lair:5)
  3 bombardier beetles (D:4 D:6)
  7 jellies (D:4 D:5 D:7 Lair:5)
  22 orc priests (D:3 D:4 D:7 D:8 D:9)
  A sleepcap (D:5)
  4 iguanas (D:5 D:6 D:7)
  24 orc wizards (D:4 D:6 D:7 D:8 D:9)
  3 hell rats (Lair:5)
  A troll simulacrum (Lair:2)
  7 adders (D:2 D:3 D:4 D:6)
  3 river rats (Lair:5)
  2 shadow imps (D:6 D:8)
  2 white imps (Lair:2)
  A dart slug (D:1)
  A ribbon worm (D:2)
  53 orcs (D:3 D:4 D:5 D:6 D:7)
  4 endoplasms (D:4)
  2 giant cockroaches (D:4 D:3)
  7 goblins (D:1 D:2 D:3 D:10)
  6 hobgoblins (D:3 D:4 D:10)
  10 jackals (D:2 D:4 D:5)
  10 kobolds (D:1 D:2 D:4 D:10)
  2 quokkas (D:1 D:5)
  2 ball pythons (D:1 D:3)
  5 bats (D:1 D:2 D:3)
  5 frilled lizards (D:1 D:3)
  27 orc zombies (Bailey)
  19 rats (D:1 D:2 D:3 Lair:5)
891 creatures vanquished.

Vanquished Creatures (others)
  An anaconda (Snake:3)
  A guardian serpent (Snake:4)
  A komodo dragon (Lair:5)
  2 hell hounds (Lair:5)
  2 lurking horrors (D:10)
  16 spectral weapons (Lair:4 Lair:5 IceCv D:14 D:15)
23 creatures vanquished.

Grand Total: 914 creatures vanquished

Notes
Turn   | Place    | Note
-------+----------+-------------------------------------------
     0 | D:1      | Juni the Minotaur Gladiator began the quest for the Orb.
     0 | D:1      | Reached XP level 1. HP: 18/18 MP: 0/0
   276 | D:1      | Found Wobivo's Book Shop.
   291 | D:1      | Reached XP level 2. HP: 22/25 MP: 1/1
   730 | D:1      | Reached skill level 3 in Fighting
  1057 | D:2      | Found a faded altar of an unknown god.
  1100 | D:2      | Reached skill level 1 in Armour
  1100 | D:2      | Reached XP level 3. HP: 26/31 MP: 2/2
  1419 | D:2      | Reached skill level 4 in Dodging
  1460 | D:2      | You fall into a shaft and drop 2 floors!
  1485 | D:4      | Reached skill level 4 in Staves
  1485 | D:4      | Reached XP level 4. HP: 30/40 MP: 3/3
  1534 | D:4      | Found a transporter.
  1534 | D:4      | Found a transporter.
  1534 | D:4      | Noticed a small abomination
  1568 | D:4      | HP: 17/40 [burnt (5)]
  1570 | D:4      | Reached skill level 4 in Fighting
  1700 | D:4      | Noticed a phantom
  1712 | D:4      | Killed a phantom
  1713 | D:4      | Reached skill level 2 in Armour
  1713 | D:4      | Reached XP level 5. HP: 27/47 MP: 4/4
  2006 | D:3      | Reached skill level 5 in Dodging
  2695 | D:4      | HP: 15/47 [orc priest/nerve-wracking pain (14)]
  2701 | D:4      | Reached skill level 5 in Fighting
  2701 | D:4      | Reached XP level 6. HP: 14/56 MP: 5/5
  2706 | D:4      | HP: 14/56 [something (1)]
  3312 | D:4      | Reached skill level 5 in Staves
  3315 | D:4      | Found a glowing golden altar of the Shining One.
  3321 | D:4      | Found a basalt altar of Yredelemnul.
  3323 | D:4      | Noticed a profane servitor
  3386 | D:4      | Noticed Charlie33ad's ghost (amateur GrBe)
  3441 | D:4      | Reached skill level 3 in Armour
  3441 | D:4      | Reached XP level 7. HP: 62/62 MP: 6/6
  3462 | D:4      | HP: 30/61 [wight/+0 battleaxe (6)]
  3463 | D:4      | HP: 14/60 [wight/+0 battleaxe (15)]
  3467 | D:4      | HP: 4/60 [wight/+0 hand axe (5)]
  3471 | D:4      | Reached skill level 6 in Fighting
  3471 | D:4      | Reached skill level 6 in Dodging
  3831 | D:4      | Found a one-way gate to the infinite horrors of the Abyss.
  3865 | D:4      | Noticed an angel
  3887 | D:5      | Entered Level 5 of the Dungeon
  4122 | D:5      | Reached skill level 7 in Fighting
  4122 | D:5      | Reached skill level 4 in Armour
  4122 | D:5      | Reached XP level 8. HP: 58/73 MP: 7/7
  4387 | D:5      | Noticed Grinder
  4396 | D:5      | Killed Grinder
  4397 | D:5      | Reached skill level 6 in Staves
  4397 | D:5      | Reached skill level 7 in Dodging
  4657 | D:6      | Found a staircase to the Ecumenical Temple.
  4668 | Temple   | Entered the Ecumenical Temple
  4702 | Temple   | Became a worshipper of the Wu Jian Council
  4934 | D:6      | Found an opulent altar of Gozag.
  4937 | D:6      | Reached skill level 8 in Fighting
  4940 | D:6      | HP: 27/74 [ogre/+0 giant club (13)]
  5033 | D:6      | Reached skill level 5 in Armour
  5033 | D:6      | Reached skill level 8 in Dodging
  5701 | D:7      | Reached XP level 9. HP: 82/82 MP: 8/8
  5815 | D:7      | Noticed Maggie
  5826 | D:7      | Killed Maggie
  5827 | D:7      | Reached skill level 9 in Fighting
  6024 | D:7      | Reached skill level 7 in Staves
  6024 | D:7      | HP: 35/83 [orc priest/divine providence (13)]
  6245 | D:7      | Reached * piety under Wu Jian
  6252 | D:7      | Reached skill level 9 in Dodging
  6375 | D:7      | Noticed a troll
  6379 | D:7      | Reached skill level 6 in Armour
  6382 | D:7      | HP: 35/84 [troll (11)]
  6390 | D:7      | HP: 32/84 [troll (14)]
  6391 | D:7      | HP: 8/84 [troll (12)]
  6392 | D:7      | HP: 3/84 [troll (5)]
  6393 | D:7      | Killed a troll
  6431 | D:7      | HP: 16/85 [iguana (1)]
  6600 | D:7      | Noticed a cyclops
  6795 | D:7      | HP: 35/85 [cyclops (9)]
  6799 | D:7      | HP: 14/85 [cyclops (23)]
  6801 | D:7      | HP: 5/85 [cyclops (9)]
  6802 | D:7      | Killed a cyclops
  6803 | D:7      | Reached skill level 10 in Fighting
  7100 | D:7      | Reached XP level 10. HP: 65/94 MP: 9/9
  7339 | D:7      | Noticed Menkaure
  7342 | D:7      | HP: 25/94 [??? (23)]
  7350 | D:7      | HP: 15/94 [??? (13)]
  7359 | D:7      | HP: 17/94 [orc wizard/+0 dagger (1)]
  7624 | D:7      | Reached skill level 10 in Dodging
  7745 | D:7      | HP: 47/94 [Menkaure (2)]
  7747 | D:7      | Killed Menkaure
  7748 | D:7      | Reached skill level 8 in Staves
  7994 | D:7      | Reached ** piety under Wu Jian
  7995 | D:7      | Reached skill level 7 in Armour
  8383 | D:8      | Reached skill level 11 in Fighting
  8976 | D:8      | Found a glowing silver altar of Zin.
  9040 | D:8      | Noticed Grum
  9052 | D:8      | HP: 46/96 [wolf[Grum] (4)]
  9054 | D:8      | Killed Grum
  9552 | D:9      | Found a staircase to the Lair.
  9565 | D:9      | Reached skill level 11 in Dodging
  9569 | D:9      | HP: 47/97 [orc priest/divine providence (10)]
  9571 | D:9      | HP: 18/97 [orc warrior/+0 halberd (6)]
  9998 | D:9      | HP: 45/97 [killer bee (8)]
 10148 | D:9      | Reached *** piety under Wu Jian
 10359 | D:9      | Reached skill level 12 in Fighting
 10678 | D:9      | Found a snail-covered altar of Cheibriados.
 10678 | D:9      | Found a radiant altar of Vehumet.
 10678 | D:9      | Found a burning altar of Makhleb.
 10678 | D:9      | Found a bloodstained altar of Trog.
 10726 | D:9      | Reached skill level 9 in Staves
 10731 | D:9      | HP: 41/95 [yak (8)]
 10737 | D:9      | Reached skill level 8 in Armour
 10737 | D:9      | Reached XP level 11. HP: 33/101 MP: 10/10
 10742 | D:9      | HP: 23/103 [yak (12)]
 11204 | D:10     | Entered Level 10 of the Dungeon
 11204 | D:10     | Found a flagged portal.
 11241 | Bailey   | Entered a bailey
 11326 | Bailey   | Reached **** piety under Wu Jian
 11747 | Bailey   | Identified the ring of Balance {rPois Will+ rCorr Dex+3
                  | Stlth+}
 12220 | D:10     | Reached skill level 12 in Dodging
 12229 | D:10     | Reached skill level 13 in Fighting
 12402 | D:10     | Found a corrupted altar of Lugonu.
 12955 | D:10     | Reached skill level 9 in Armour
 13246 | D:10     | Reached ***** piety under Wu Jian
 13358 | Lair:1   | Entered Level 1 of the Lair of Beasts
 13527 | Lair:1   | Reached skill level 10 in Staves
 13916 | Lair:1   | Reached XP level 12. HP: 115/116 MP: 11/11
 13980 | Lair:1   | Reached skill level 13 in Dodging
 14262 | Lair:1   | Reached skill level 14 in Fighting
 15386 | Lair:2   | Found a staircase to the Snake Pit.
 15534 | Lair:2   | Noticed a death yak
 15541 | Lair:2   | Noticed a death yak
 15552 | Lair:2   | Reached skill level 10 in Armour
 15557 | Lair:2   | Killed a death yak
 15560 | Lair:2   | Killed a death yak
 15561 | Lair:2   | HP: 53/118 [ice devil (15)]
 15638 | Lair:2   | Reached skill level 15 in Fighting
 15638 | Lair:2   | Reached skill level 11 in Staves
 15638 | Lair:2   | Reached skill level 14 in Dodging
 15644 | Lair:2   | HP: 35/119 [rime drake/icy flash freeze (28)]
 16408 | Lair:3   | HP: 46/121 [lindwurm/blast of flame (16)]
 16709 | Lair:3   | Reached XP level 13. HP: 85/127 MP: 12/12
 17819 | Lair:3   | Reached skill level 16 in Fighting
 17926 | Lair:3   | Reached skill level 11 in Armour
 17927 | Lair:3   | Reached skill level 15 in Dodging
 18093 | Lair:3   | Found a staircase to the Swamp.
 18098 | Lair:3   | HP: 58/128 [spriggan druid/+2 spectral quarterstaff (11)]
 18836 | Lair:4   | Reached skill level 12 in Staves
 18839 | Lair:4   | Reached ****** piety under Wu Jian
 18976 | Lair:4   | HP: 65/130 [skyshark (8)]
 19913 | Lair:5   | Entered Level 5 of the Lair of Beasts
 20246 | Lair:5   | HP: 58/130 [elephant (13)]
 20339 | Lair:5   | Reached skill level 17 in Fighting
 20446 | Lair:4   | Reached XP level 14. HP: 140/140 MP: 13/13
 20460 | Lair:4   | Reached skill level 16 in Dodging
 20534 | Lair:5   | Found a viscous altar of Jiyva.
 20571 | Lair:5   | Reached skill level 12 in Armour
 20717 | Lair:5   | elongatedgoose: am back
 20722 | Lair:5   | Juni: hi
 20726 | Lair:5   | elongatedgoose: :P
 20728 | Lair:5   | Found a large runed translucent door.
 20728 | Lair:5   | Found a large runed translucent door.
 20769 | Lair:5   | Juni: hai big boy :3
 20769 | Lair:5   | elongatedgoose: ayo
 20769 | Lair:5   | Juni: I'm talking to dragon btw
 20881 | Lair:5   | elongatedgoose: still weird XD
 21118 | Lair:5   | Found a staircase to the Slime Pits.
 21264 | Lair:5   | Juni: lol
 21264 | Lair:5   | Juni: anyways u asked me a question? I forgor what it was
 21264 | Lair:5   | elongatedgoose: so yea how do i make women interested in me
 21264 | Lair:5   | Juni: in what way?
 21264 | Lair:5   | elongatedgoose: all of them :P
 21264 | Lair:5   | Juni: ???
 21264 | Lair:5   | Juni: like friendship or relationship
 21264 | Lair:5   | elongatedgoose: and kidnapping isnt an opition XD
 21277 | Lair:5   | elongatedgoose: second
 21283 | Lair:5   | Juni: lol "second"
 21283 | Lair:5   | Juni: uh
 21283 | Lair:5   | Juni: idk
 21283 | Lair:5   | Juni: act normal
 21283 | Lair:5   | elongatedgoose: thks
 21283 | Lair:5   | Juni: lol
 21283 | Lair:5   | Juni: pretty much don't change yourself to make yourself
                  | more like-ble
 21283 | Lair:5   | Juni: like-able*
 21283 | Lair:5   | Juni: just be urself
 21283 | Lair:5   | elongatedgoose: oki
 21283 | Lair:5   | Juni: also be cool about it lol
 21283 | Lair:5   | elongatedgoose: alr
 21283 | Lair:5   | Juni: girls hate when you make it overly obvious and also
                  | just basically assault them
 21283 | Lair:5   | Juni: verbally kinda
 21283 | Lair:5   | Juni: idk I can't explain very well
 21283 | Lair:5   | Juni: OH
 21283 | Lair:5   | Juni: big one
 21283 | Lair:5   | Juni: take your goddamn time
 21283 | Lair:5   | Juni: I mean quite a bit of time
 21283 | Lair:5   | Juni: like 2-5+ months
 21292 | Lair:5   | Juni: jesus crhist my resistances are
 21292 | Lair:5   | Juni: well
 21292 | Lair:5   | Juni: interesting...
 21547 | D:11     | elongatedgoose: L
 21639 | D:11     | Found a staircase to the Orcish Mines.
 21892 | D:11     | Found a transporter.
 21893 | D:11     | Found a transporter.
 21895 | D:11     | Found a viscous altar of Jiyva.
 21977 | D:12     | Found Kimank's Self-Improvement Boutique.
 21990 | D:12     | Reached skill level 13 in Staves
 22000 | D:12     | Bought a manual of Fighting for 1120 gold pieces
 22060 | D:12     | Noticed Lodul
 22067 | D:12     | Juni: tf
 22068 | D:12     | Killed Lodul
 22069 | D:12     | Reached skill level 18 in Fighting
 22103 | D:12     | elongatedgoose: so i gotta play for 2 - 5 minths bhegh
 22120 | D:12     | Juni: ?
 22230 | D:12     | Noticed Maurice
 22230 | D:12     | elongatedgoose: by that time ill be leaving for
                  | collegegegegegege
 22242 | D:12     | Killed Maurice
 22243 | D:12     | Juni: get her goddamn phone number
 22243 | D:12     | elongatedgoose: i have her snap
 22243 | D:12     | Juni: good enough
 22243 | D:12     | elongatedgoose: XD
 22243 | D:12     | Juni: just don't over snap her
 22474 | D:12     | Noticed Erolcha
 22493 | D:12     | Killed Erolcha
 22567 | D:12     | elongatedgoose: all ive snapped her about waas fasfa and
                  | helping her study till 1130 last night
 22583 | D:12     | elongatedgoose: and a pep talk because imma hype man
 22583 | D:12     | Juni: has she responded?
 22815 | D:13     | Found a frozen archway.
 22822 | IceCv    | Entered an ice cave
 22880 | IceCv    | elongatedgoose: dunno my phone is in a bucket for testing
                  | purposes
 22887 | IceCv    | Reached skill level 17 in Dodging
 22914 | IceCv    | Juni: state testing?
 22976 | IceCv    | elongatedgoose: nah
 22987 | IceCv    | Reached skill level 19 in Fighting
 22993 | IceCv    | Juni: damn
 23029 | IceCv    | elongatedgoose: the test i was helping her study for :3
 23200 | IceCv    | Noticed a frost giant
 23213 | IceCv    | HP: 59/146 [death yak (17)]
 23222 | IceCv    | Killed a frost giant
 23223 | IceCv    | Reached XP level 15. HP: 46/152 MP: 14/14
 23227 | IceCv    | HP: 47/152 [yak (1)]
 23291 | IceCv    | elongatedgoose:
                  | reeeeeeeeeeeeeeeeeeeeeeeeeeeeeeeeeeeeeeeeeee
 23328 | IceCv    | Juni: nice
 23328 | IceCv    | Juni: if she hasn't responded though that usually means
                  | shes gossiping about it w/ her friends lol
 23356 | IceCv    | elongatedgoose: also theres a chance i jut cant go to
                  | college
 23356 | IceCv    | Juni: ?
 23356 | IceCv    | Juni: why
 23402 | D:13     | elongatedgoose: my parents are actual cunts
 23405 | D:13     | Juni: annd?
 23479 | D:13     | elongatedgoose: and dont u dare tell me off for using that
                  | word
 23479 | D:13     | Juni: comm coll
 23622 | D:13     | Reached skill level 13 in Armour
 23863 | D:13     | elongatedgoose: i was doing the scholarship applications
                  | and they wont give me info for it
 23863 | D:13     | Juni: just go to comm coll
 24021 | D:13     | elongatedgoose: same info is needed to do the fasfa
 24324 | D:13     | elongatedgoose: no
 24324 | D:13     | Juni: well
 24324 | D:13     | Juni: I mean
 24324 | D:13     | Juni: idk
 24324 | D:13     | elongatedgoose: i was accepted to a really nive school
 24324 | D:13     | Juni: oh
 24324 | D:13     | Juni: nice
 24324 | D:13     | elongatedgoose: that i reallllly wanna go to
 24324 | D:13     | Juni: put in a child abuse form
 24324 | D:13     | Juni: to
 24324 | D:13     | Juni: whatever that website is called
 24324 | D:13     | elongatedgoose: but i realllyyyy cant because i cant get
                  | the fuvking informationnnnnnnnn
 24324 | D:13     | Juni: some police department
 24324 | D:13     | elongatedgoose: i dont live with them anymore
 24324 | D:13     | elongatedgoose: so like
 24324 | D:13     | elongatedgoose: also
 24324 | D:13     | Juni: if ur parents are fucking up your life then get them
                  | arrested
 24324 | D:13     | Juni: who do u live with?
 24324 | D:13     | elongatedgoose: im not a child
 24330 | D:13     | elongatedgoose: my grandma :P
 24330 | D:13     | Juni: ah
 24330 | D:13     | Juni: so why can't u get the information?
 24350 | D:14     | elongatedgoose: im 18 cps cant do anything
 24402 | D:14     | Juni: ??
 24403 | D:14     | elongatedgoose: they refuse to give me the household income
 24417 | D:14     | Found an ancient bone altar of Kikubaaqudgha.
 24587 | D:14     | Reached skill level 20 in Fighting
 24638 | D:14     | Juni: ??
 24638 | D:14     | Juni: buddy I am 15 I don't know tf u talking about _skull_
 24638 | D:14     | Juni: oops
 24638 | D:14     | Juni: well wtv
 24648 | D:14     | elongatedgoose: fair enough
 25148 | D:14     | Juni: just work your ass off
 25148 | D:14     | Juni: I dunno
 25211 | D:14     | elongatedgoose: mf
 25223 | D:14     | Found a gate to the Vaults.
 25227 | D:14     | elongatedgoose: mfffffffffffff
 25352 | D:14     | elongatedgoose: i am working my ass off
 25352 | D:14     | Juni: I can help w/ woman but not college
 25355 | D:14     | elongatedgoose: women scary
 25497 | D:14     | Juni: indeed
 25623 | D:14     | Noticed Frances
 25633 | D:14     | Killed Frances
 25654 | D:15     | Entered Level 15 of the Dungeon
 25750 | D:15     | Reached skill level 18 in Dodging
 25785 | D:15     | Reached skill level 14 in Staves
 25800 | D:15     | elongatedgoose: there should be a race that can worshipn 2
                  | gods ngl
 25934 | D:15     | Reached skill level 21 in Fighting
 25991 | D:15     | Juni: tf?!
 25991 | D:15     | Juni: how
 25991 | D:15     | Juni: would
 25991 | D:15     | Juni: that
 25991 | D:15     | Juni: work
 26092 | D:15     | elongatedgoose: gain piety from 2 gods at onve
 26194 | D:15     | Juni: I mean religious wise
 26329 | D:15     | HP: 77/158 [very large slime creature (13)]
 26397 | D:15     | Found a staircase to the Depths.
 26704 | D:15     | elongatedgoose: like 2 good gods or 2 evil
 26827 | D:15     | Juni: hm
 26827 | D:15     | Juni: maybe
 26827 | D:15     | Juni: idkj
 26827 | D:15     | Juni: idk why they added fuking oni
 26827 | D:15     | Juni: screw oni
 26976 | Orc:1    | Entered Level 1 of the Orcish Mines
 27056 | Orc:1    | elongatedgoose: whats oni?
 27064 | Orc:1    | Juni: OHHHHHHH BROTHHHHHHHHHERRRRRRRRRRRR
 27064 | Orc:1    | Juni: jesus
 27064 | Orc:1    | Juni: christ
 27064 | Orc:1    | Juni: not all mighty
 27064 | Orc:1    | Juni: I am atheist
 27308 | Orc:1    | elongatedgoose: one of thoose atheists
 27402 | Orc:2    | Entered Level 2 of the Orcish Mines
 27402 | Orc:2    | Noticed Azrael
 27403 | Orc:2    | Juni: BRUV
 27403 | Orc:2    | Juni: BRUV TF
 27403 | Orc:2    | Juni: RUFHURBF
 27403 | Orc:2    | Juni: AAAAAAAAAAAAAAAAAAAAAAAAAAAAAAAAA
 27403 | Orc:2    | Juni: damndamndamnNATION
 27750 | Orc:2    | Killed Azrael
 27753 | Orc:2    | Juni: oh
 27753 | Orc:2    | Juni: wasn't that hard actually
 27868 | Orc:2    | elongatedgoose: L
 27872 | Orc:2    | elongatedgoose: losser
 27875 | Orc:2    | elongatedgoose: boxzo
 27987 | Orc:2    | Found Syamutugg's Book Emporium.
 28021 | Orc:2    | Reached skill level 14 in Armour
 28033 | Orc:2    | Juni: BRUH
 28040 | Orc:2    | Reached skill level 22 in Fighting
 28043 | Orc:2    | Reached XP level 16. HP: 125/169 MP: 15/15
 28054 | Orc:2    | Found Deolum's Antique Weapon Shop.
 28071 | Orc:2    | Found Wuol's Weapon Shop.
 28105 | Orc:2    | Found Zaluamn's Antique Weapon Emporium.
 28257 | Orc:2    | Found a staircase to the Elven Halls.
 28303 | Orc:2    | Noticed Jorgrun
 28319 | Orc:2    | HP: 72/169 [Jorgrun/iron shot (41)]
 28324 | Orc:2    | HP: 47/169 [Jorgrun/staff of earth (8)]
 28336 | Orc:2    | HP: 49/169 [warg (3)]
 28342 | Orc:2    | Killed Jorgrun
 29020 | Snake:1  | Entered Level 1 of the Snake Pit
 29236 | Snake:1  | Found Baebe's Antique Weapon Shoppe.
 29240 | Snake:1  | Found Suemiol's Jewellery Shoppe.
 29240 | Snake:1  | Found Miniess's Distillery.
 29243 | Snake:1  | Found Ruoxar's Antique Armour Emporium.
 29293 | Snake:1  | Bought an amulet of guardian spirit for 510 gold pieces
 29300 | Snake:1  | Reached skill level 19 in Dodging
 29318 | Snake:1  | Bought a potion of curing for 48 gold pieces
 29318 | Snake:1  | Bought a potion of might for 64 gold pieces
 29318 | Snake:1  | Bought a potion of might for 64 gold pieces
 30366 | Snake:1  | Reached skill level 23 in Fighting
 30646 | Snake:2  | HP: 83/172 [naga mage/+0 whip (7)]
 30841 | Snake:2  | Reached skill level 15 in Staves
 30844 | Snake:2  | HP: 84/172 [black mamba (7)]
 30850 | Snake:2  | HP: 59/172 [salamander/+0 glaive (3)]
 30852 | Snake:2  | HP: 27/172 [salamander/+0 glaive (21)]
 31811 | Snake:2  | Identified the +1 robe of the Mertaur {Regen+}
 31813 | Snake:2  | elongatedgoose: am back
 31822 | Snake:2  | Juni: hi
 31863 | Snake:2  | elongatedgoose: she responded
 31867 | Snake:2  | elongatedgoose: she wikes me :p
 31867 | Snake:2  | Juni: what did she sya
 31867 | Snake:2  | Juni: ?
 31867 | Snake:2  | Juni: wikes?
 31970 | Snake:2  | elongatedgoose: asked abt the test lmao
 32147 | Snake:2  | Juni: ??
 32147 | Snake:2  | Juni: speak in english please
 32298 | Snake:3  | elongatedgoose: she asked about the test
 32306 | Snake:3  | Reached skill level 1 in Evocations
 32562 | Snake:3  | HP: 85/173 [poisoned by a naga sharpshooter (splash of
                  | poison)]
 32567 | Snake:3  | HP: 81/174 [poisoned by a naga sharpshooter (splash of
                  | poison)]
 32990 | Snake:3  | Juni: gtg
 32990 | Snake:3  | Juni: nice
 32990 | Snake:3  | HP: 86/174 [nagaraja/+0 club (7)]
 32998 | Snake:3  | HP: 68/174 [naga sharpshooter/arrow (5)]
 33509 | Snake:3  | Reached skill level 2 in Evocations
 33577 | Snake:4  | Entered Level 4 of the Snake Pit
 33588 | Snake:4  | Reached skill level 15 in Armour
 33723 | Snake:4  | Reached XP level 17. HP: 174/181 MP: 14/16
 33732 | Snake:4  | Reached skill level 24 in Fighting
 33767 | Snake:4  | elongatedgoose: weeeeeeeeeeeeeee
 33770 | Snake:4  | Juni: what
 33770 | Snake:4  | Juni: the
 33770 | Snake:4  | Juni: fact
 33770 | Snake:4  | Juni: fuct
 33770 | Snake:4  | HP: 83/182 [salamander tyrant/flame surge (11)]
 33775 | Snake:4  | HP: 84/182 [guardian serpent/bolt of poison (1)]
 33776 | Snake:4  | elongatedgoose: idfk
 33776 | Snake:4  | Juni: NOT AGAIN
 33776 | Snake:4  | Juni: YOU'VE GOT
 33776 | Snake:4  | Juni: TO
 33776 | Snake:4  | Juni: BE
 33776 | Snake:4  | Juni: KIDD
 33776 | Snake:4  | Juni: ING
 33776 | Snake:4  | Juni: ME
 33776 | Snake:4  | elongatedgoose: hahahaha
 33776 | Snake:4  | Juni: it's time....
 33780 | Snake:4  | HP: 76/273 [poisoned by a nagaraja (splash of poison)]
 33784 | Snake:4  | elongatedgoose: dead fr
 33785 | Snake:4  | HP: 46/273 [poisoned by a nagaraja (poison arrow)]
 33786 | Snake:4  | HP: 20/273 [nagaraja/splash of poison (8)]
 33788 | Snake:4  | HP: 5/273 [poisoned by a nagaraja (splash of poison)]
 33789 | Snake:4  | Succumbed to a nagaraja's splash of poison

Illustrated notes

Levels and vault maps discovered:
D:1:      onia_arrival_handbag, layout_basic, serial_shops, shop
D:2:      layout_basic, shapermc_ecumenical_altar_mp_urbaneastern, uniq_jessica
D:3:      layout_basic
D:4:      layout_basic, grunt_temple_overflow_holy_war,
          gammafunk_ghost_abyssal_escape
D:5:      layout_loops_ring, uniq_grinder
D:6:      layout_loops_cross, kennysheep_little_box, temple_fountains,
          grunt_decor_clamped
D:7:      layout_loops_corners, st_stairs_3, nzn_random_ring, uniq_maggie,
          uniq_menkaure
D:8:      layout_gridville, zin_scriptorium, uniq_grum
D:9:      layout_roguey, grunt_temple_overflow_cloverleaf,
          erik_lair_orcish_takeover
D:10:     layout_loops_ring, enter_bailey_4, amcnicky_altar_lugonu_corruption
D:11:     gammafunk_jiyva_shrine, layout_basic, orc_0_dummy,
          minmay_misc_feat_iff
D:12:     layout_loops_ring, nicolae_shop_self_help, uniq_lodul, uniq_maurice,
          uniq_erolcha
D:13:     layout_basic, portal_ice_cave_entry_pillars_2
D:14:     layout_grid_maze, grunt_vaults_entry_tiered,
          kiku_gazebo_garden_becter, drop_trap, uniq_frances
D:15:     gammafunk_enter_depths_forms, layout_grid_maze,
          nicolae_figureground_sparkle
Temple:   nicolae_temple_superstar
Lair:1:   layout_regular_city, serial_bayou_crossing
Lair:2:   dreamdust_isle_of_ice, layout_regular_city,
          minmay_snake_entry_guardpost_small
Lair:3:   regret_index_malice_mire, layout_chaotic_city,
          mainiacjoe_swamp_entry_angry_trees, nicolae_lair_lindhole
Lair:4:   beargit_carnivore_pack, layout_layer_cave,
          chequers_serial_rivers_micro_c
Lair:5:   cheibrodos_lair_end_hotspot, layout_gridlike,
          nicolae_slime_entry_field_trip, chequers_serial_rivers_large_a,
          kennysheep_abandoned_house
Snake:1:  layout_chambers, minmay_shoptagon
Snake:2:  nicolae_snake_nest, layout_cave_pods, grunt_ministairs_15, drop_trap
Snake:3:  layout_cave_town, grunt_megastairs_3
Snake:4:  grunt_snake_rune_pools, layout_misc_corridors,
          hellmonk_ghost_happy_afterlife, uniq_vashnia
Orc:1:    layout_diamond_mine
Orc:2:    st_orc_elflike, layout_diamond_mine, basic_altar, special_room,
          uniq_jorgrun, uniq_azrael

Skill      XL: |  1  2  3  4  5  6  7  8  9 10 11 12 13 14 15 16 17 |
---------------+----------------------------------------------------+-----
Fighting       | 3 4 5 7 8 10 12 13 15 17 19 22 23 24 | 24.0
Armour         | 1 2 3 4 5 6 8 9 10 11 12 14 15 | 15.1
Dodging        | 4 5 6 8 9 11 12 14 15 17 18 19 | 19.9
Staves         | 4 5 6 7 9 10 11 12 13 14 15 | 15.5
Evocations     | 2 |  2.3
Throwing       | |  2.0

Action                     |  1- 3 |  4- 6 |  7- 9 | 10-12 | 13-15 | 16-18 || total
---------------------------+-------+-------+-------+-------+-------+-------++-------
  Melee: Quarterstaff      |    61 |    89 |   218 |   917 |  1280 |   494 ||  3059
         Headbutt          |     8 |    18 |    55 |   196 |   393 |   142 ||   812
  Throw: Throwing net      |     2 |     4 |     8 |       |       |       ||    14
 Invoke: Serpent's Lash    |       |       |       |       |     4 |       ||     4
         Heavenly Storm    |       |       |       |       |       |     1 ||     1
Ability: Lunge             |       |       |    14 |    35 |    66 |    37 ||   152
         Whirlwind         |       |       |     4 |   262 |   125 |    67 ||   458
         Wall Jump         |       |       |       |    37 |    69 |    19 ||   125
  Evoke: Wand              |       |       |       |     2 |    18 |     2 ||    22
         Phial of floods   |       |       |       |       |       |     2 ||     2
         Sack of spiders   |       |       |       |       |       |     1 ||     1
         Phantom mirror    |       |       |       |       |       |     1 ||     1
    Use: Scroll            |     2 |     3 |     8 |    12 |     8 |     6 ||    39
         Potion            |       |       |     4 |     3 |    11 |     2 ||    20
   Stab: Held in net/web   |       |     3 |     2 |       |       |       ||     5
         Sleeping          |       |       |       |     2 |       |       ||     2
         Distracted        |       |       |       |       |    10 |     8 ||    18
 Armour: Leather armour    |    30 |    41 |       |       |       |       ||    71
         Scale mail        |       |     8 |   142 |    33 |       |       ||   183
         Steam dragon scal |       |       |       |   187 |       |       ||   187
         Chain mail        |       |       |       |   243 |   510 |   254 ||  1007
  Dodge: Dodged            |    35 |    52 |   145 |   598 |   814 |   309 ||  1953

Table legend: (Time is in decaauts)
 A = Elapsed time spent in this place.
 B = Non-inter-level travel time spent in this place.
 C = Inter-level travel time spent in this place.
 D = Time resting spent in this place.
 E = Time spent auto-exploring this place.
 F = Levels seen in this place.
 G = Mean time per level.
                   A        B        C        D        E       F      G
               +--------+--------+--------+--------+--------+-----+--------+
         Total |  33540 |  32446 |   1094 |   7042 |  20181 |  29 | 1156.6 |
       Dungeon |  17629 |  16948 |    681 |   3733 |  10750 |  15 | 1175.3 |
        Temple |     43 |     43 |      0 |     23 |      0 |   1 |   43.0 |
          Lair |   8097 |   7858 |    239 |   1297 |   5354 |   5 | 1619.4 |
     Snake Pit |   4701 |   4615 |     86 |   1145 |   2943 |   4 | 1175.2 |
  Orcish Mines |   1863 |   1776 |     87 |    519 |    686 |   2 |  931.5 |
        Bailey |    674 |    674 |      0 |    242 |    175 |   1 |  674.0 |
      Ice Cave |    530 |    530 |      0 |     83 |    272 |   1 |  530.0 |
               +--------+--------+--------+--------+--------+-----+--------+

Top non-repeatable levels by time:
     D:7: 2411 daAuts
  Lair:3: 2267 daAuts
 Snake:1: 2118 daAuts
  Lair:2: 1789 daAuts
     D:8: 1636 daAuts
     D:4: 1552 daAuts
     D:9: 1467 daAuts
  Lair:4: 1402 daAuts
    D:10: 1394 daAuts
 Snake:3: 1376 daAuts
  Lair:5: 1327 daAuts
  Lair:1: 1309 daAuts
    D:14: 1269 daAuts
    D:13: 1216 daAuts
    D:15: 1195 daAuts

Levels and vault maps discovered:
D:1:      onia_arrival_handbag, layout_basic, serial_shops, shop
D:2:      layout_basic, shapermc_ecumenical_altar_mp_urbaneastern, uniq_jessica
D:3:      layout_basic
D:4:      layout_basic, grunt_temple_overflow_holy_war,
          gammafunk_ghost_abyssal_escape
D:5:      layout_loops_ring, uniq_grinder
D:6:      layout_loops_cross, kennysheep_little_box, temple_fountains,
          grunt_decor_clamped
D:7:      layout_loops_corners, st_stairs_3, nzn_random_ring, uniq_maggie,
          uniq_menkaure
D:8:      layout_gridville, zin_scriptorium, uniq_grum
D:9:      layout_roguey, grunt_temple_overflow_cloverleaf,
          erik_lair_orcish_takeover
D:10:     layout_loops_ring, enter_bailey_4, amcnicky_altar_lugonu_corruption
D:11:     gammafunk_jiyva_shrine, layout_basic, orc_0_dummy,
          minmay_misc_feat_iff
D:12:     layout_loops_ring, nicolae_shop_self_help, uniq_lodul, uniq_maurice,
          uniq_erolcha
D:13:     layout_basic, portal_ice_cave_entry_pillars_2
D:14:     layout_grid_maze, grunt_vaults_entry_tiered,
          kiku_gazebo_garden_becter, drop_trap, uniq_frances
D:15:     gammafunk_enter_depths_forms, layout_grid_maze,
          nicolae_figureground_sparkle
Temple:   nicolae_temple_superstar
Lair:1:   layout_regular_city, serial_bayou_crossing
Lair:2:   dreamdust_isle_of_ice, layout_regular_city,
          minmay_snake_entry_guardpost_small
Lair:3:   regret_index_malice_mire, layout_chaotic_city,
          mainiacjoe_swamp_entry_angry_trees, nicolae_lair_lindhole
Lair:4:   beargit_carnivore_pack, layout_layer_cave,
          chequers_serial_rivers_micro_c
Lair:5:   cheibrodos_lair_end_hotspot, layout_gridlike,
          nicolae_slime_entry_field_trip, chequers_serial_rivers_large_a,
          kennysheep_abandoned_house
Snake:1:  layout_chambers, minmay_shoptagon
Snake:2:  nicolae_snake_nest, layout_cave_pods, grunt_ministairs_15, drop_trap
Snake:3:  layout_cave_town, grunt_megastairs_3
Snake:4:  grunt_snake_rune_pools, layout_misc_corridors,
          hellmonk_ghost_happy_afterlife, uniq_vashnia
Orc:1:    layout_diamond_mine
Orc:2:    st_orc_elflike, layout_diamond_mine, basic_altar, special_room,
          uniq_jorgrun, uniq_azrael

Table legend: (Time is in decaauts)
 A = Elapsed time spent in this place.
 B = Non-inter-level travel time spent in this place.
 C = Inter-level travel time spent in this place.
 D = Time resting spent in this place.
 E = Time spent auto-exploring this place.
 F = Levels seen in this place.
 G = Mean time per level.
                   A        B        C        D        E       F      G
               +--------+--------+--------+--------+--------+-----+--------+
         Total |  33540 |  32446 |   1094 |   7042 |  20181 |  29 | 1156.6 |
       Dungeon |  17629 |  16948 |    681 |   3733 |  10750 |  15 | 1175.3 |
        Temple |     43 |     43 |      0 |     23 |      0 |   1 |   43.0 |
          Lair |   8097 |   7858 |    239 |   1297 |   5354 |   5 | 1619.4 |
     Snake Pit |   4701 |   4615 |     86 |   1145 |   2943 |   4 | 1175.2 |
  Orcish Mines |   1863 |   1776 |     87 |    519 |    686 |   2 |  931.5 |
        Bailey |    674 |    674 |      0 |    242 |    175 |   1 |  674.0 |
      Ice Cave |    530 |    530 |      0 |     83 |    272 |   1 |  530.0 |
               +--------+--------+--------+--------+--------+-----+--------+

Top non-repeatable levels by time:
     D:7: 2411 daAuts
  Lair:3: 2267 daAuts
 Snake:1: 2118 daAuts
  Lair:2: 1789 daAuts
     D:8: 1636 daAuts
     D:4: 1552 daAuts
     D:9: 1467 daAuts
  Lair:4: 1402 daAuts
    D:10: 1394 daAuts
 Snake:3: 1376 daAuts
  Lair:5: 1327 daAuts
  Lair:1: 1309 daAuts
    D:14: 1269 daAuts
    D:13: 1216 daAuts
    D:15: 1195 daAuts

Table legend:
 A = Kills in this place as a percentage of kills in the entire game.
 B = Kills by you in this place as a percentage of kills by you in the entire game.
 C = Kills by friends in this place as a percentage of kills by friends in the entire game.
 D = Other kills in this place as a percentage of other kills in the entire game.
 E = Experience gained in this place as a percentage of experience gained in the entire game.
 F = Experience gained in this place divided by the number of levels of this place that you have seen.
                   A       B       C       D       E      F
               +-------+-------+-------+-------+-------+----------------------
         Total | 100.0 | 100.0 |   N/A | 100.0 | 100.0 | 7613.3
       Dungeon |  45.9 |  46.1 |   N/A |   0.0 |  32.2 | 4735.0
          Lair |  22.7 |  22.6 |   N/A |  50.0 |  26.6 | 11749.6
     Snake Pit |  14.3 |  14.1 |   N/A |  50.0 |  27.5 | 15195.0
  Orcish Mines |   6.5 |   6.5 |   N/A |   0.0 |   6.7 | 7368.5
        Bailey |   4.8 |   4.8 |   N/A |   0.0 |   0.7 | 1529.0
      Ice Cave |   5.8 |   5.8 |   N/A |   0.0 |   6.3 | 13967.0
               +-------+-------+-------+-------+-------+----------------------
